 Dungeon Crawl Stone Soup version 0.29-a0-834-g1e95ca9f62 (webtiles) character file.

Game seed: 4037810025206708166

1725 kae the Firebug (level 8, -1/57 HPs)
             Began as a Demigod Fire Elementalist on July 12, 2022.
             Slain by an orc warrior
             ... wielding a +0 flail
              (4 damage)
             ... on level 5 of the Dungeon.
             The game lasted 00:05:25 (6830 turns).

kae the Firebug (Demigod Fire Elementalist)         Turns: 6830, Time: 00:05:26

Health: -1/57      AC:  2    Str:  7      XL:     8   Next: 47%
Magic:  5/18       EV: 12    Int: 24 (25) God:
Gold:   288        SH:  5    Dex: 14      Spells: 6/15 levels left

rFire   . . .      SeeInvis .   l - +1 dagger (holy)
rCold   . . .      Faith    .   (no shield)
rNeg    . . .      Spirit   .   a - +0 robe
rPois   +          Reflect  +   (no helmet)
rElec   .          Harm     .   (no cloak)
rCorr   +          Rampage  .   (no gloves)
Will    .....      Clarity  +   (no boots)
Stlth   ++........              f - amulet of reflection
HPRegen 0.19/turn               P - ring of poison resistance
MPRegen 0.16/turn               R - ring of resist corrosion

@: no status effects
A: high MP 1, forlorn, divine attributes, clarity, deterioration 1, screaming 1,
weak 1
a: no special abilities


You were on level 5 of the Dungeon.
You visited 1 branch of the dungeon, and saw 6 of its levels.

You collected 288 gold pieces.


Innate Abilities, Weirdness & Mutations

You have an increased reservoir of magic. (+10% MP)
You shall have no god before yourself.
Your divine heritage dramatically boosts your attributes as you level up.
You possess an exceptional clarity of mind.
Your body sometimes deteriorates upon taking damage.
You occasionally shout uncontrollably at your foes.
You are weak. (Str -2)


   Skills:
 - Level 1.7 Dodging
 - Level 1.7 Stealth
 + Level 4.4 Spellcasting
 * Level 6.5 Conjurations
 * Level 7.1 Fire Magic


You had 6 spell levels left.
You knew the following spells:

 Your Spells              Type           Power      Damage    Failure   Level
a - Foxfire               Conj/Fire      100%       2x1d9     1%          1
b - Scorch                Fire           78%        2d9       1%          2
c - Conjure Flame         Conj/Fire      38%        6-21      1%          3
d - Inner Flame           Hex/Fire       22%        N/A       6%          3

Your spell library contained the following spells:

 Spells                   Type           Power      Damage    Failure   Level
 Shock                    Conj/Air       80%        1d8       2%          1
 Flame Wave               Conj/Fire      38%        2d9       5%          4
 Sting                    Tmut/Pois      20%        1d4       10%         1
 Ensorcelled Hibernation  Hex/Ice        10%        N/A       14%         2
 Passwall                 Tmut/Erth      4%         N/A       14%         2
 Poisonous Vapours        Pois/Air       10%        N/A       14%         2
 Frozen Ramparts          Ice            10%        1d3       28%         3
 Swiftness                Air            5%         N/A       28%         3
 Airstrike                Air            2%         0-2+      67%         4
 Cause Fear               Hex            2%         N/A       67%         4
 Ice Form                 Ice/Tmut       5%         N/A       67%         4
 Olgreb's Toxic Radiance  Pois           5%         N/A       67%         4
 Summon Ice Beast         Ice/Summ       5%         N/A       67%         4
 Discord                  Hex            2%         N/A       100%        8

Inventory:

Hand Weapons
 l - a +1 dagger of holy wrath (weapon)
   (You found it on level 2 of the Dungeon)
Missiles
 d - 78 stones
 y - 6 poisoned darts
Armour
 a - a +0 robe (worn)
 c - a +1 cloak
   (You found it on level 1 of the Dungeon)
 e - a +0 leather armour
   (You found it on level 5 of the Dungeon)
 g - a +0 robe
   (You found it on level 1 of the Dungeon)
 j - a +0 ring mail
   (You took it off an orc on level 3 of the Dungeon)
 k - a +0 robe
   (You took it off an orc wizard on level 3 of the Dungeon)
 p - a +0 robe
   (You found it on level 4 of the Dungeon)
 q - a +0 robe
   (You took it off an orc wizard on level 3 of the Dungeon)
 s - a +0 ring mail
   (You found it on level 5 of the Dungeon)
 t - a +2 pair of gloves
   (You found it on level 2 of the Dungeon)
 w - a +0 ring mail
   (You found it on level 5 of the Dungeon)
 x - a +2 robe of cold resistance
   (You took it off Blork the orc on level 5 of the Dungeon)
 B - a +0 robe
   (You found it on level 4 of the Dungeon)
 E - a +0 ring mail
   (You found it on level 4 of the Dungeon)
 F - a +0 ring mail
   (You took it off an orc on level 4 of the Dungeon)
 H - a +0 helmet
   (You found it on level 4 of the Dungeon)
Jewellery
 f - an amulet of reflection (around neck)
   (You found it on level 1 of the Dungeon)
 A - an amulet of the acrobat
   (You found it on level 5 of the Dungeon)
 P - a ring of poison resistance (left hand)
   (You found it on level 2 of the Dungeon)
 R - a ring of resist corrosion (right hand)
   (You found it on level 3 of the Dungeon)
Wands
 D - a wand of mindburst (8)
   (You found it on level 4 of the Dungeon)
Scrolls
 i - 4 scrolls of torment {!r}
 z - a scroll of immolation {!r!r}
 C - a scroll of vulnerability {!r!r}
 G - a scroll of fear
Potions
 b - a potion of magic
 h - 2 potions of heal wounds {@q2}
 m - 2 potions of berserk rage {!q}
 n - a potion of attraction {unknown}
 o - a potion of haste {@q3}
 r - a potion of ambrosia
 u - 3 potions of curing {unknown}
 v - a potion of brilliance

Dungeon Overview and Level Annotations

Branches:
Dungeon (6/15) Zot: 26973  Temple (0/1) D:5

Annotations:
D:4 Goblin1989's ghost, novice DsCA

.........#......##
#####.#....#.....#
......#.##.......#
.#......##.#.....#
.#.....###.......#
.#.....# ###.....#
.#.....# #.....#
.#.....# #....o#
.#.....# ###...)@#
.#.....# #.....J.#
##.....# #.....###
.#.....# #.....#
.#.....# #.....#
.#.##### #.....#
.#)# #.....# .#.#
#.....# ...#
#.O...#


You could see an orc warrior (combustible) and a jelly.


Message History

The orc wizard casts a spell.
The orc wizard flickers and vanishes!
Deactivating autopickup; reactivate with Ctrl-A. 😎 MP[-1]
You lost 1 mp, and now have 17/18 mp.
There is a stone staircase leading up here.
Casting: Foxfire (safe; 1% risk of failure)
Confirm with . or Enter, or press ? or * to list all spells.
You conjure some foxfire!
You block the orc's attack.
The foxfire hits the orc but does no damage.
The foxfire hits the orc.
You block the orc's attack.
A jelly comes into view. 😎 MP[-1]
You lost 1 mp, and now have 16/18 mp.
Casting: Foxfire (safe; 1% risk of failure)
Confirm with . or Enter, or press ? or * to list all spells.
Flames lash the necrophage.
The necrophage's fire resistance burns away.
The orc hits you with a +0 flail!
Your body deteriorates!
You feel dopey. 😕 HP[-6] MP[-1]
You take 6 damage, and now have 51/57 hp.
You lost 1 mp, and now have 15/18 mp.
Casting: Scorch (safe; 1% risk of failure)
Confirm with . or Enter, or press ? or * to list all spells.
Flames lash the jelly.
The jelly's fire resistance burns away.
You hear an angry hiss.
The orc barely misses you. You block the orc warrior's attack.
The jelly hits you but does no damage. The orc closely misses you.
The orc warrior barely misses you. The jelly closely misses you.
An iguana comes into view.
An orc wizard comes into view.
It is wielding a +0 antimagic dagger. 😕 MP[-2]
You lost 2 mp, and now have 13/18 mp.
The jelly hits you.
You are splashed with acid.
You resist.
You climb upwards.
Reactivating autopickup.
There is a stone staircase leading down here. 😕 HP[-5]
You take 5 damage, and now have 46/57 hp.
Unknown command.
Unknown command.
Casting: Scorch (safe; 1% risk of failure)
Confirm with . or Enter, or press ? or * to list all spells.
Flames lash the jelly.
The jelly is burned terribly!
You block the jelly's attack. The orc barely misses you.
You block the orc warrior's attack. The jelly hits you.
You are splashed with acid.
You resist. The orc closely misses you.
You block the orc warrior's attack. 😮 HP[-5] MP[-1]
You take 5 damage, and now have 41/57 hp.
You lost 1 mp, and now have 12/18 mp.
Casting: Scorch (safe; 1% risk of failure)
Confirm with . or Enter, or press ? or * to list all spells.
Flames lash the orc.
You kill the orc!
You block the jelly's attack.
The orc warrior hits you with a +0 flail!
* * * LOW HITPOINT WARNING * * *
The jelly barely misses you.
The orc warrior barely misses you. 😨 HP[-13] MP[-2]
You take 13 damage, and now have 28/57 hp.
MASSIVE DAMAGE!! (PAUSE)
You lost 2 mp, and now have 10/18 mp.
Casting: Scorch (safe; 1% risk of failure)
Confirm with . or Enter, or press ? or * to list all spells.
Flames lash the orc warrior but do no damage.
The jelly hits you but does no damage. You block the orc warrior's attack.
The jelly hits you but does no damage.
You block the orc warrior's attack. 😮 HP[+1] MP[-2]
You lost 2 mp, and now have 8/18 mp.
Casting: Scorch (safe; 1% risk of failure)
Confirm with . or Enter, or press ? or * to list all spells.
Flames lash the orc warrior.
The orc warrior's fire resistance burns away.
The jelly hits you but does no damage.
The orc warrior hits you with a +0 flail.
* * * LOW HITPOINT WARNING * * *
The jelly is no longer more vulnerable to fire.
The jelly hits you.
* * * LOW HITPOINT WARNING * * *
You are splashed with acid.
You resist.
* * * LOW HITPOINT WARNING * * *
The orc warrior completely misses you. 😨 HP[-11] MP[-1]
You take 11 damage, and now have 18/57 hp.
You lost 1 mp, and now have 7/18 mp.
Casting: Scorch (safe; 1% risk of failure)
Confirm with . or Enter, or press ? or * to list all spells.
Flames lash the orc warrior.
The orc warrior is burned terribly!
The jelly hits you.
* * * LOW HITPOINT WARNING * * *
You are splashed with acid.
You resist.
* * * LOW HITPOINT WARNING * * *
The orc warrior hits you with a +0 flail!
* * * LOW HITPOINT WARNING * * *
The jelly hits you but does no damage.
The orc warrior hits you with a +0 flail.
You die...

Skill      XL: |  1  2  3  4  5  6  7 |
---------------+----------------------+-----
Conjurations   | 1 2 3 4 6 |  6.5
Fire Magic     | 3 4 5 7 |  7.1
Spellcasting   | 2 3 4 |  4.4
Dodging        | |  1.7
Stealth        | |  1.7

Action                   |  1- 3 |  4- 6 |  7- 9 || total
-------------------------+-------+-------+-------++-------
Melee: Dagger            |       |     6 |       ||     6
 Cast: Foxfire           |    85 |    92 |    28 ||   205
       Scorch            |     2 |    18 |    25 ||    45
       Conjure Flame     |       |     1 |     1 ||     2
Evoke: Wand              |       |       |     1 ||     1
  Use: Scroll            |     3 |     7 |     4 ||    14
       Potion            |       |     6 |       ||     6
Armor: Robe              |    12 |     2 |     9 ||    23
Dodge: Dodged            |    47 |    16 |    25 ||    88
Block: Other             |     4 |    14 |    15 ||    33

Levels and vault maps discovered:
D:1:      wander_arrival_lonely_grave, layout_basic,
          hellmonk_ecumenical_altar_dog_temple, nicolae_titane
D:2:      layout_rooms
D:3:      layout_rooms, minmay_misc_feat_rows
D:4:      layout_gridville, kennysheep_generic_room_8
D:5:      layout_basic, minmay_overflow_temple_hex, minmay_temple_entry_fiery,
          ebering_ghost_inner_flame, corexii_hall_statues_l,
          minmay_misc_feat_pillars, corexii_checkpoint_a, uniq_blork_the_orc,
          uniq_menkaure, uniq_grinder
D:6:      minmay_flawed_box, layout_basic, serial_shops, shop,
          gup_sewer_entry_bowl

Notes
Turn   | Place    | Note
-------+----------+-------------------------------------------
     0 | D:1      | kae the Demigod Fire Elementalist began the quest for the
                  | Orb.
     0 | D:1      | Reached XP level 1. HP: 14/14 MP: 5/5
     0 | D:1      | magus.rc [v1.11.3]
    31 | D:1      | Reached skill level 1 in Conjurations
   288 | D:1      | Reached skill level 3 in Fire Magic
   288 | D:1      | Reached XP level 2. HP: 20/20 MP: 4/7
   318 | D:1      | Reached skill level 2 in Spellcasting
   509 | D:1      | You add the spells Sting, Poisonous Vapours and Olgreb's
                  | Toxic Radiance to your library.
  1146 | D:1      | Reached XP level 3. HP: 26/26 MP: 5/8
  1149 | D:1      | Learned a level 2 spell: Scorch
  1153 | D:1      | Learned a level 3 spell: Conjure Flame
  1667 | D:2      | Reached skill level 2 in Conjurations
  1699 | D:2      | You pick up a book of Burglary and begin reading...
  1699 | D:2      | You add the spells Passwall, Ensorcelled Hibernation and
                  | Swiftness to your library.
  1865 | D:2      | Noticed an ogre
  1877 | D:2      | Killed an ogre
  1878 | D:2      | Reached XP level 4. HP: 33/33 MP: 0/10
  2125 | D:2      | Reached skill level 4 in Fire Magic
  2172 | D:2      | You pick up a book of Hexes and begin reading...
  2172 | D:2      | You add the spells Cause Fear and Discord to your library.
  2196 | D:2      | You pick up a book of Rime and begin reading...
  2196 | D:2      | You add the spells Frozen Ramparts, Ice Form and Summon Ice
                  | Beast to your library.
  2301 | D:3      | You pick up a book of Burglary and begin reading...
  2373 | D:3      | Reached skill level 3 in Conjurations
  2373 | D:3      | Reached XP level 5. HP: 29/38 MP: 8/11
  2457 | D:3      | Gained mutation: You have hidden genetic defects. [potion
                  | of mutation]
  2457 | D:3      | Gained mutation: You possess an exceptional clarity of
                  | mind. [potion of mutation]
  2457 | D:3      | Gained mutation: You are weak. (Str -2) [potion of
                  | mutation]
  2973 | D:2      | magus.rc [v1.11.3]
  3016 | D:3      | Gained mutation: You occasionally shout uncontrollably at
                  | your foes. [hidden defects]
  3092 | D:3      | HP: 9/38 [orc priest/divine providence (14)]
  3118 | D:3      | Gained mutation: Your body sometimes deteriorates upon
                  | taking damage. [hidden defects]
  3118 | D:3      | Lost mutation: You have hidden genetic defects. [hidden
                  | defects expressed]
  3722 | D:4      | magus.rc [v1.11.3]
  3789 | D:4      | Reached skill level 3 in Spellcasting
  3789 | D:4      | Reached XP level 6. HP: 16/45 MP: 3/13
  3791 | D:4      | HP: 10/45 [poisoned by a scorpion]
  3796 | D:4      | HP: 6/45 [poisoned by a scorpion]
  4286 | D:4      | HP: 9/45 [orc/+0 trident (6)]
  4826 | D:4      | Learned a level 3 spell: Inner Flame
  4867 | D:5      | Entered Level 5 of the Dungeon
  4875 | D:5      | Reached skill level 4 in Conjurations
  4991 | D:5      | Reached skill level 5 in Fire Magic
  5047 | D:5      | You pick up a book of Air and begin reading...
  5047 | D:5      | You add the spells Shock and Airstrike to your library.
  5084 | D:5      | Noticed Menkaure
  5090 | D:5      | Killed Menkaure
  5091 | D:5      | Reached XP level 7. HP: 50/50 MP: 9/15
  5258 | D:5      | Noticed Blork the orc
  5272 | D:5      | Found a staircase to the Ecumenical Temple.
  5423 | D:5      | Noticed Grinder
  5428 | D:5      | Paralysed by Grinder for 4 turns
  5435 | D:5      | Killed Grinder
  5436 | D:5      | Reached skill level 5 in Conjurations
  5761 | D:5      | Reached skill level 6 in Fire Magic
  5804 | D:5      | Found a runed translucent door.
  6034 | D:5      | Noticed a two-headed ogre
  6035 | D:5      | Noticed Goblin1989's ghost (novice DsCA)
  6113 | D:5      | Killed Blork the orc
  6716 | D:5      | Killed a two-headed ogre
  6717 | D:5      | Reached skill level 4 in Spellcasting
  6717 | D:5      | Reached skill level 6 in Conjurations
  6717 | D:5      | Reached skill level 7 in Fire Magic
  6717 | D:5      | Reached XP level 8. HP: 57/57 MP: 4/18
  6829 | D:5      | HP: 11/57 [acid (4)]
  6829 | D:5      | HP: 3/57 [orc warrior/+0 flail (8)]
  6830 | D:5      | Slain by an orc warrior

Vanquished Creatures
  A two-headed ogre (D:5)
  Grinder (D:5)
  Menkaure (D:5)
  3 ogres
  Blork the orc (D:5)
  A necrophage (D:5)
  2 scorpions
  A hound (D:5)
  An orc priest (D:3)
  An iguana (D:5)
  2 orc wizards (D:3)
  8 adders
  2 shadow imps
  2 dart slugs
  11 orcs
  7 ball pythons
  8 bats
  3 endoplasms
  3 giant cockroaches
  4 goblins
  7 hobgoblins
  9 jackals (D:1)
  10 kobolds
  6 quokkas
  A frilled lizard (D:1)
  5 rats
101 creatures vanquished.

Vanquished Creatures (others)
  357 foxfires
357 creatures vanquished.

Grand Total: 458 creatures vanquished

Table legend:
 A = Non-vault XP
 B = Vault XP
 C = Vault XP percentage of total XP
 D = Non-vault monster count
 E = Vault monster count
 F = Vault count percentage of total count
                 A         B        C        D         E       F
            +---------+---------+-------+---------+---------+-------
      Total |    1079 |    1386 |  56.2 |      93 |       8 |   7.9
            +---------+---------+-------+---------+---------+-------
        D:1 |      50 |       4 |   7.4 |      27 |       2 |   6.9
        D:2 |     174 |       0 |   0.0 |      19 |       0 |   0.0
        D:3 |     158 |       0 |   0.0 |      20 |       0 |   0.0
        D:4 |     160 |       0 |   0.0 |      15 |       0 |   0.0
        D:5 |     537 |    1382 |  72.0 |      12 |       6 |  33.3
            +---------+---------+-------+---------+---------+-------

Illustrated notes

Table legend:
 A = Kills in this place as a percentage of kills in entire the game.
 B = Kills by you in this place as a percentage of kills by you in the entire game.
 C = Kills by friends in this place as a percentage of kills by friends in the entire game.
 D = Other kills in this place as a percentage of other kills in the entire game.
 E = Experience gained in this place as a percentage of experience gained in the entire game.
 F = Experience gained in this place divided by the number of levels of this place that you have seen.
                   A       B       C       D       E      F
               +-------+-------+-------+-------+-------+----------------------
         Total | 100.0 | 100.0 |   N/A |   N/A | 100.0 | 410.8
       Dungeon | 100.0 | 100.0 |   N/A |   N/A | 100.0 | 410.8
               +-------+-------+-------+-------+-------+----------------------

Table legend: (Time is in decaauts)
 A = Elapsed time spent in this place.
 B = Non-inter-level travel time spent in this place.
 C = Inter-level travel time spent in this place.
 D = Time resting spent in this place.
 E = Time spent auto-exploring this place.
 F = Levels seen in this place.
 G = Mean time per level.
                   A        B        C        D        E       F      G
               +--------+--------+--------+--------+--------+-----+--------+
         Total |   6827 |   6635 |    192 |    377 |   5434 |   6 | 1137.8 |
       Dungeon |   6827 |   6635 |    192 |    377 |   5434 |   6 | 1137.8 |
               +--------+--------+--------+--------+--------+-----+--------+

Top non-repeatable levels by time:
     D:5: 1919 daAuts
     D:1: 1581 daAuts
     D:4: 1429 daAuts
     D:3: 1085 daAuts
     D:2: 797 daAuts
     D:6: 14 daAuts
